 Dungeon Crawl Stone Soup version 0.31.0-11-ge490571c62 (webtiles) character file.

Game seed: 11627419387793124678

1771 Silvore the Slasher (level 8, -3/64 HPs)
             Began as a Demonspawn Fighter on Feb 11, 2024.
             Slain by a slime creature (9 damage)
             ... on level 5 of the Dungeon.
             The game lasted 00:06:53 (4443 turns).

Silvore the Slasher (Demonspawn Fighter)            Turns: 4443, Time: 00:06:54

Health: -3/64      AC: 18    Str: 18    XL:     8   Next: 80%
Magic:  8/8        EV:  6    Int:  9    God:
Gold:   236        SH: 10    Dex: 15    Spells: 7/7 levels left

rFire   . . .        a - +1 long sword
rCold   . . .        c - +1 buckler
rNeg    . . .        o - +0 plate armour
rPois   .            (helmet restricted)
rElec   .            m - +1 cloak
rCorr   .            (no gloves)
SInv    .            (no boots)
Will    .....        n - amulet of the acrobat Stlth
                     (no ring)
HPRegen 0.30/turn    (no ring)
MPRegen 0.11/turn

%: acrobat
@: no status effects
A: horns 1, thin skeletal structure 1, icemail 1, condensation shield
a: no special abilities


You were on level 5 of the Dungeon.
You visited 1 branch of the dungeon, and saw 5 of its levels.

You collected 236 gold pieces.

Inventory:

Hand Weapons
 a - a +1 long sword (weapon)
Armour
 b - a +0 scale mail
 c - a +1 buckler (worn)
 m - a +1 cloak (worn)
 o - a +0 plate armour (worn)
Jewellery
 n - an amulet of the acrobat (around neck)
Wands
 g - a wand of polymorph (10)
 h - a wand of iceblast (9)
 t - a wand of quicksilver (10)
 v - a wand of digging (3)
Scrolls
 e - 2 scrolls of identify
 j - 3 scrolls of poison
 k - a scroll of teleportation
 p - 2 scrolls of fear
 s - a scroll of enchant weapon
Potions
 d - a potion of might
 f - a potion of degeneration
 i - a potion of cancellation
 l - a potion of lignification
 q - a potion of curing
 r - a potion of enlightenment
 u - a potion of berserk rage


   Skills:
 + Level 5.7 Fighting
 + Level 7.2 Long Blades
 + Level 5.4 Armour
 + Level 3.0 Dodging
 + Level 3.2 Stealth
 + Level 6.0 Shields


You had 7 spell levels left.
You didn't know any spells.
Your spell library contained the following spells:

 Spells                   Type           Power      Damage    Failure   Level
 Apportation              Tloc           0%         N/A       100%        1
 Necrotise                Necr           0%         1d4       100%        1
 Sting                    Conj/Alch      0%         1d3       100%        1
 Summon Small Mammal      Summ           0%         N/A       100%        1
 Jinxbite                 Hex            0%         N/A       100%        2
 Fugue of the Fallen      Necr           0%         N/A       100%        3
 Ozocubu's Armour         Ice            0%         N/A       100%        3
 Manifold Assault         Tloc           0%         N/A       100%        4
 Alistair's Intoxication  Alch           0%         N/A       100%        5
 Yara's Violent Unravell  Hex/Alch       0%         3d3       100%        5
 Enfeeble                 Hex            0%         N/A       100%        7


Dungeon Overview and Level Annotations

Branches:
Dungeon (5/15)
 Temple: D:4-7

Altars:
Fedhas
Hepliaklqana
Makhleb
Qazlal
Ru

Shops:
D:4 ((


Innate Abilities, Weirdness & Mutations

You have a pair of small horns on your head.
You have a somewhat thin skeletal structure. (Dex +2, Stealth+)
A meltable icy envelope protects you from harm. (AC +4)
A meltable shield of frost defends you. (SH +4)


Message History

* * * LOW HITPOINT WARNING * * *
You barely miss the slime creature.
The slime creature is almost dead.
The slime creature hits you but does no damage.
You slash the slime creature!
You kill the slime creature!
Your Shields skill increases to level 6!
The slime creature quivers.
The jelly quivers. x2
There is an open door here.
The slime creature attacks as it pursues you!
The slime creature closely misses you. You block the slime creature's attack.
You block the slime creature's attack. The endoplasm completely misses you.
The slime creature closely misses you. You block the jelly's attack.
There is an open door here.
The endoplasm attacks as it pursues you!
You block the endoplasm's attack.
The endoplasm attacks as it pursues you!
You block the endoplasm's attack.
You slash the endoplasm!
You kill the endoplasm!
You slash the slime creature!
The slime creature is lightly wounded.
You block the slime creature's attack.
You hit the slime creature.
The slime creature is moderately wounded.
You block the slime creature's attack.
You slash the slime creature! You headbutt the slime creature!
The slime creature is heavily wounded.
The slime creature completely misses you.
The slime creature hits you!
* * * LOW HITPOINT WARNING * * *
You hit the slime creature. You headbutt the slime creature.
The slime creature is heavily wounded.
The slime creature hits you.
* * * LOW HITPOINT WARNING * * *
You hit the slime creature.
The slime creature is severely wounded.
The slime creature hits you!
You die...

##########
######
#.P÷_._÷.$
......
#.P÷_.P...
######
#....._.P÷
#...P.....
#.J._.÷...
#..J.._.P.
##J#######
##J@.)..##
########.#
#....'..##
#....####
#
#.......#
##
#....[..#
#.
#.......#
######.
#...)...#
#......
##.....##
###++###


You could see a slime creature and a jelly.

Vanquished Creatures
  Sigmund (D:4)
  2 slime creatures (D:5)
  A water moccasin (D:5)
  2 ice beasts (D:5)
  A black bear (D:5)
  2 kobold brigands (D:5)
  2 scorpions (D:5)
  2 howler monkeys
  A bombardier beetle (D:4)
  3 hounds
  A jelly (D:5)
  2 orc priests
  Jessica (D:2)
  An iguana (D:4)
  Ijyb (D:3)
  2 orc wizards
  Robin (D:3)
  6 gnolls (D:4)
  5 adders
  4 ribbon worms
  A dart slug (D:1)
  7 orcs
  9 endoplasms
  4 giant cockroaches
  5 goblins
  7 hobgoblins
  5 quokkas
  7 ball pythons
  5 bats
  4 frilled lizards
  9 kobolds
  6 rats
110 creatures vanquished.

Notes
Turn   | Place    | Note
-------+----------+-------------------------------------------
     0 | D:1      | Silvore the Demonspawn Fighter began the quest for the Orb.
     0 | D:1      | Reached XP level 1. HP: 18/18 MP: 1/1
   207 | D:1      | Reached skill level 2 in Long Blades
   246 | D:1      | Gained mutation: You have a pair of small horns on your
                  | head. [demonic ancestry]
   246 | D:1      | Reached XP level 2. HP: 20/24 MP: 2/2
   888 | D:1      | Reached skill level 4 in Long Blades
   888 | D:1      | Gained mutation: You have a somewhat thin skeletal
                  | structure. (Dex +2, Stealth+) [demonic ancestry]
   888 | D:1      | Reached XP level 3. HP: 31/31 MP: 3/3
   985 | D:2      | Noticed Jessica
   995 | D:2      | Killed Jessica
   996 | D:2      | Gained mutation: A meltable shield of frost defends you.
                  | (SH +4) [demonic ancestry]
   996 | D:2      | Reached XP level 4. HP: 31/38 MP: 4/4
  1920 | D:3      | Reached skill level 5 in Long Blades
  1920 | D:3      | Gained mutation: A meltable icy envelope protects you from
                  | harm. (AC +4) [demonic ancestry]
  1920 | D:3      | Reached XP level 5. HP: 39/43 MP: 5/5
  2175 | D:3      | Noticed Robin
  2175 | D:3      | Noticed Ijyb
  2191 | D:3      | Killed Ijyb
  2257 | D:3      | Killed Robin
  3029 | D:4      | Reached XP level 6. HP: 35/49 MP: 6/6
  3426 | D:4      | Found Feam's Jewellery Shop.
  3429 | D:4      | Found Ytwaoseh's Weapon Emporium.
  3431 | D:4      | Found Dutzy's Antique Weapon Shoppe.
  3467 | D:4      | Reached skill level 5 in Shields
  3585 | D:4      | Noticed Sigmund
  3607 | D:4      | Killed Sigmund
  3608 | D:4      | Reached skill level 5 in Fighting
  3608 | D:4      | Reached XP level 7. HP: 24/56 MP: 7/7
  3890 | D:5      | Entered Level 5 of the Dungeon
  3916 | D:5      | Reached skill level 6 in Long Blades
  3916 | D:5      | Reached skill level 5 in Armour
  3966 | D:5      | Reached XP level 8. HP: 43/62 MP: 8/8
  4053 | D:5      | Found a stormy altar of Qazlal.
  4399 | D:5      | Noticed a slime creature
  4400 | D:5      | Found a hazy altar of Hepliaklqana.
  4400 | D:5      | Found a blossoming altar of Fedhas.
  4400 | D:5      | Found a blossoming altar of Fedhas.
  4400 | D:5      | Found a stormy altar of Qazlal.
  4400 | D:5      | Found a sacrificial altar of Ru.
  4400 | D:5      | Found a burning altar of Makhleb.
  4400 | D:5      | Noticed a slime creature
  4400 | D:5      | Noticed a slime creature
  4416 | D:5      | Killed a slime creature
  4417 | D:5      | Reached skill level 7 in Long Blades
  4425 | D:5      | Killed a slime creature
  4443 | D:5      | Slain by a slime creature

Illustrated notes

Levels and vault maps discovered:
D:1:      amcnicky_arrival_abandoned_market, layout_basic
D:2:      layout_basic, uniq_jessica
D:3:      layout_loops_corners, minmay_misc_feat_rugged, nicolae_goblin_pals
D:4:      layout_rooms, nicolae_wooded_promenade, st_stairs_13, nicolae_titane,
          uniq_sigmund
D:5:      cheibrodos_fertilizer, layout_loops_ring, old_standard_altar,
          mainiacjoe_overflow_six_doors_small, tgw_sif,
          kennysheep_generic_room_12

Skill      XL: |  1  2  3  4  5  6  7  8 |
---------------+-------------------------+-----
Long Blades    | 2 4 5 6 7 |  7.2
Shields        | 4 5 6 |  6.0
Fighting       | 4 5 |  5.7
Armour         | 4 5 |  5.4
Dodging        | 2 3 |  3.0
Stealth        | 3 |  3.2

Action                     |  1- 3 |  4- 6 |  7- 9 || total
---------------------------+-------+-------+-------++-------
  Melee: Long sword        |    62 |   244 |   134 ||   440
         Headbutt          |     4 |    49 |    30 ||    83
    Use: Scroll            |     5 |     5 |     4 ||    14
         Potion            |     1 |       |       ||     1
   Stab: Sleeping          |       |     2 |       ||     2
 Armour: Scale mail        |    42 |    86 |       ||   128
         Plate armour      |       |    99 |    75 ||   174
         Skin              |       |     1 |       ||     1
  Dodge: Dodged            |    30 |    99 |    33 ||   162
  Block: Buckler           |    16 |   150 |    71 ||   237
